 Dungeon Crawl Stone Soup version 0.28-a0-1594-ga885d4b3d6 (webtiles) character file.

Game seed: 11064055135968971119

134 testman the Magician (level 5, -2/39 HPs)
             Began as a Djinni Hedge Wizard on Jan 21, 2022.
             Was an Initiate of Gozag.
             Slain by an orc wizard (4 damage)
             ... on level 3 of the Dungeon.
             The game lasted 00:25:29 (5045 turns).

testman the Magician (Djinni Hedge Wizard)          Turns: 5045, Time: 00:25:29

Health: -2/39      AC:  2    Str:  9    XL:     5   Next: 40%
Gold:   318        EV: 12    Int: 18    God:    Gozag SH:  0 Dex: 12

rFire   + + .      SeeInvis .   a - +0 dagger
rCold   x . .      Faith    .   (no shield)
rNeg    . . .      Spirit   .   b - +0 robe
rPois   ∞          Reflect  .   c - +0 hat
rElec   .          Harm     .   (no cloak)
rCorr   .          Rampage  .   (no gloves)
Will    .....                   (boots unavailable)
Stlth   ++........              (no amulet)
HPRegen 0.13/turn               (no ring)
MPRegen 0.00/turn               (no ring)

@: flying
A: sickness immunity, fire resistance 2, cold vulnerability 1, float, innate
caster, hp casting, extra vitality 1
a: Renounce Religion, Potion Petition, Call Merchant, Bribe Branch


You were on level 3 of the Dungeon.
You worshipped Gozag.
Gozag was aware of your devotion.
You visited 1 branch of the dungeon, and saw 3 of its levels.

You collected 318 gold pieces.

Inventory:

Hand Weapons
 a - a +0 dagger (weapon)
Missiles
 e - 41 sling bullets
 i - 137 stones
 n - 4 javelins
Armour
 b - a +0 robe (worn)
 c - a +0 hat (worn)
Scrolls
 d - a scroll of vulnerability {unknown}
 f - 2 scrolls of identify {unknown}
 h - 2 scrolls of silence {unknown}
 j - a scroll of immolation {unknown}
 l - 2 scrolls of holy word {unknown}
 m - 2 scrolls of fog {unknown}
 p - 2 scrolls of fear {unknown}
 s - a scroll of teleportation {unknown}
Potions
 g - 3 potions of invisibility {unknown}
 k - 2 potions of curing {unknown}
 o - a potion of haste {unknown}
 q - a potion of brilliance {unknown}
 r - a potion of flight {unknown}


   Skills:
 + Level 2.6 Fighting
 - Level 2.1 Dodging
 - Level 1.5 Stealth
 + Level 3.8 Spellcasting


You couldn't memorise any spells.
You knew the following spells:

 Your Spells              Type           Power      Damage    Failure   Level
a - Magic Dart            Conj           68%        1d6       3%          1
b - Blink                 Tloc           34%        N/A       4%          2
c - Call Imp              Summ           17%        N/A       4%          2
d - Slow                  Hex            68%        N/A       3%          1
e - Conjure Flame         Conj/Fire      17%        6-21      10%         3
f - Mephitic Cloud        Conj/Pois/Air  17%        N/A       10%         3
g - Summon Small Mammal   Summ           68%        N/A       3%          1
h - Ensorcelled Hibernat  Hex/Ice        34%        N/A       4%          2
Your spell library was empty.

Dungeon Overview and Level Annotations

Branches:
Dungeon (3/15)

Altars:
Gozag
Yredelemnul

Shops:
D:1 (   D:3 ((


Innate Abilities, Weirdness & Mutations

You are immune to sickness and miasma.
You are immune to poison.
Your flesh is very heat resistant. (rF++)
You are vulnerable to cold. (rC-)
You float through the air rather than walking.
You learn spells naturally, not from books.
Your magical power is your life essence.
You have superior vitality. (+4 MHP)


Message History

You closely miss the orc wizard.
The orc wizard is moderately wounded.
The orc wizard barely misses you.
You hit the orc wizard.
The orc wizard is moderately wounded.
The orc wizard hits you but does no damage.
You hit the orc wizard but do no damage.
The orc wizard is moderately wounded.
The orc wizard hits you with a +0 dagger.
* * * LOW HITPOINT WARNING * * *
You hit the orc wizard but do no damage.
The orc wizard is moderately wounded.
The orc wizard closely misses you.
You hit the orc wizard.
The orc wizard is heavily wounded.
The orc wizard casts a spell at you.
You are confused.
You hit the orc wizard.
The orc wizard is heavily wounded.
The orc wizard closely misses you.
You bump into the rock wall.
The orc wizard hits you with a +0 dagger.
* * * LOW HITPOINT WARNING * * *
You bump into the rock wall.
The orc wizard hits you with a +0 dagger.
* * * LOW HITPOINT WARNING * * *
You closely miss the orc wizard.
The orc wizard is heavily wounded.
The orc wizard barely misses you.
You bump into the rock wall.
The orc wizard hits you but does no damage.
You bump into the rock wall.
The orc wizard barely misses you.
You bump into the rock wall.
You feel less confused. The orc wizard barely misses you.
You closely miss the orc wizard.
The orc wizard is moderately wounded.
The orc wizard hits you with a +0 dagger.
You die...
Your body crumbles into a pile of gold.

#.......# #...# #.#.###.#
#...# #.#...#.# #...# ###.#
#.##....# #...+ ..#.#
#.##..######...# #.#.#
#.#.....)......# ###.#.###
...............#
###..[....#
..#.##.#####.######.......#
.... #.# #)).o@.........#
.### #.# #.#####........#
#.# #.# #........#######
..# #.# #............#..
#.# #.# #...)....###.#.# #.
#.# #........# #.#.# #.#
#........# #.#.# #.#
#........# #.#.# #.########
#.#.#


You could see an orc wizard.

Vanquished Creatures
  2 adders (D:1)
  2 dart slugs
  5 orcs (D:3)
  10 ball pythons
  13 endoplasms
  9 giant cockroaches
  7 goblins
  5 hobgoblins
  6 jackals
  5 quokkas
  7 bats
  4 frilled lizards
  7 kobolds
  11 rats
93 creatures vanquished.

Notes
Turn   | Place    | Note
-------+----------+-------------------------------------------
     0 | D:1      | testman the Djinni Hedge Wizard began the quest for the
                  | Orb.
     0 | D:1      | Reached XP level 1. HP: 15/15 MP: 0/0
   263 | D:1      | Reached XP level 2. HP: 19/21 MP: 0/0
   434 | D:1      | Reached skill level 3 in Spellcasting
   797 | D:1      | Reached XP level 3. HP: 22/26 MP: 0/0
   797 | D:1      | Learned a level 1 spell: Summon Small Mammal
   902 | D:1      | Reached skill level 1 in Fighting
  1237 | D:1      | Found Bott's Weapon Shoppe.
  1964 | D:1      | Reached XP level 4. HP: 23/32 MP: 0/0
  2876 | D:2      | Found a basalt altar of Yredelemnul.
  2883 | D:2      | Found a faded altar of an unknown god.
  3408 | D:2      | Prayed at the altar of an unknown god.
  3408 | D:2      | Became a worshipper of Gozag Ym Sagoz the Greedy
  3495 | D:2      | Reached XP level 5. HP: 25/38 MP: 0/0
  3495 | D:2      | Learned a level 2 spell: Ensorcelled Hibernation
  4595 | D:3      | Found Ydesal's Antique Weapon Emporium.
  4635 | D:3      | Found Diul's Antique Weapon Shoppe.
  5040 | D:3      | HP: 1/39 [orc wizard (2)]
  5045 | D:3      | Slain by an orc wizard

Illustrated notes

Levels and vault maps discovered:
D:1:      ebering_trefoil_twist, layout_rooms, serial_shops, shop,
          minmay_worlds_worst_comb
D:2:      minmay_thinvault, layout_basic, hellmonk_ecumenical_altar_dog_temple,
          basic_altar, chequers_mini_garden, st_stairs_10
D:3:      layout_basic, brannock_xom_greatest_gift, serial_shops, shop,
          nicolae_shop_statue_plus, shop, st_stairs_4,
          chequers_serial_rivers_room_b, uniq_robin

Skill      XL: |  1  2  3  4 |
---------------+-------------+-----
Spellcasting   | 3 |  3.8
Fighting       | 1 2 |  2.6
Dodging        | |  2.1
Stealth        | |  1.5

Action                   |  1- 3 |  4- 6 || total
-------------------------+-------+-------++-------
Melee: Dagger            |    60 |   174 ||   234
       Punch             |       |     4 ||     4
 Cast: Magic Dart        |    69 |    52 ||   121
       Mephitic Cloud    |     3 |     9 ||    12
       Blink             |       |     2 ||     2
       Conjure Flame     |       |     1 ||     1
       Call Imp          |       |     1 ||     1
 Stab: Confused          |     3 |     5 ||     8
       Sleeping          |     3 |     3 ||     6
       Distracted        |       |     1 ||     1
Armor: Robe              |     4 |    24 ||    28
Dodge: Dodged            |    36 |    97 ||   133

Table legend: (Time is in decaauts)
 A = Elapsed time spent in this place.
 B = Non-inter-level travel time spent in this place.
 C = Inter-level travel time spent in this place.
 D = Time resting spent in this place.
 E = Time spent auto-exploring this place.
 F = Levels seen in this place.
 G = Mean time per level.
                   A        B        C        D        E       F      G
               +--------+--------+--------+--------+--------+-----+--------+
         Total |   5053 |   4987 |     66 |   2466 |   1803 |   3 | 1684.3 |
       Dungeon |   5053 |   4987 |     66 |   2466 |   1803 |   3 | 1684.3 |
               +--------+--------+--------+--------+--------+-----+--------+

Top non-repeatable levels by time:
     D:1: 2957 daAuts
     D:2: 1646 daAuts
     D:3: 449 daAuts
